 Dungeon Crawl Stone Soup version 0.16.0-12-g7215832 (webtiles) character file.

44734 maniek23 the Covert (level 13, -6/98 HPs)
             Began as a Vampire Skald on Mar 17, 2015.
             Was a High Priest of Dithmenos.
             Mangled by a hell beast (13 damage)
             ... on level 8 of the Lair of Beasts on Mar 18, 2015.
             The game lasted 02:53:41 (23834 turns).

maniek23 the Covert (Vampire Skald)                Turns: 23834, Time: 02:53:41

Health: -6/98      AC:  0    Str:  8    XL:     13   Next: 97%
Magic:  0/25       EV: 34    Int: 14    God:    Dithmenos [*****.]
Gold:   1097       SH:  0    Dex: 20    Spells: 7 memorised, 8 levels left

rFire  . . .     SeeInvis +     D - melded +1 falchion (vamp)
rCold  . . .     Clarity  .     X - melded +2 leather armour {rPois}
rNeg   + . .     SustAb   .     (shield currently unavailable)
rPois  .         Gourm    .     M - melded +0 helmet
rElec  .         Spirit   +     h - melded +1 cloak {+Inv}
rCorr  .         Warding  .     (gloves currently unavailable)
rMut   .         Stasis   .     p - melded +2 pair of boots
MR     +....                    o - amulet of guardian spirit
Stlth  ++++++++++               b - melded ring of sustain abilities
                                O - melded +6 ring of intelligence

@: lethally poisoned (-6 -> -7), bat-form, flying, very slightly contaminated,
regenerating (expiring), wreathed by umbra, very quick, somewhat resistant to
hostile enchantments, uncannily stealthy
A: bottle blood, (fangs 0), see invisible, (unbreathing)
a: End Transformation, Shadow Step, Shadow Form, Renounce Religion


You were on level 8 of the Lair of Beasts.
You worshipped Dithmenos.
Dithmenos was extremely pleased with you.
You were not thirsty.
You were in vampire-bat-form.
You visited 6 branches of the dungeon, and saw 20 of its levels.
You also visited: Ossuary.

You collected 1097 gold pieces.

Inventory:

Hand weapons
 a - a +4 short sword of speed
 s - a +0 shortbow
 D - a +1 vampiric falchion (melded)
 E - the +2 dagger "Puk Ahit" {pierce, -Cast MP+9 Str+2 SInv}
   (You found it on level 4 of the Lair of Beasts)

   It inflicts extra damage upon your enemies.
   It affects your strength (+2).
   It affects your magic capacity (+9).
   It enhances your eyesight.
   It prevents spellcasting.
Missiles
 u - 3 javelins (quivered)
 J - 7 curare-tipped needles
 P - 10 poisoned needles
 U - 27 arrows
Armour
 h - a +1 cloak of invisibility (melded)
 p - a +2 pair of boots (melded)
 M - a +0 helmet (melded)
 X - a +2 leather armour of poison resistance (melded)
Rods
 B - a +0 rod of the swarm (12/12)
   (You found it on level 3 of the Lair of Beasts)
Jewellery
 b - a ring of sustain abilities (melded)
 o - an amulet of guardian spirit (around neck)
 L - an uncursed ring of teleportation
 O - a +6 ring of intelligence (melded)
Magical devices
 i - a wand of frost (1)
 r - a wand of teleportation (8)
 w - a wand of disintegration (12)
 G - a wand of frost (19)
 R - a wand of polymorph (0)
 W - a wand of digging (13)
 Z - a wand of cold (6)
Scrolls
 f - 2 scrolls of identify
 k - a scroll of blinking
 q - 4 scrolls of enchant armour
 t - 9 scrolls of remove curse
 y - 2 scrolls of fog
 K - 4 scrolls of amnesia
 N - a scroll of brand weapon {unknown}
 S - 4 scrolls of recharging
 V - 2 scrolls of teleportation
 Y - a scroll of vulnerability {unknown}
Potions
 d - 15 potions of blood
 g - 3 potions of invisibility
 j - a potion of might
 l - 2 potions of heal wounds
 m - 3 potions of agility
 n - 5 potions of curing
 v - 2 potions of haste
 x - 2 potions of restore abilities
 z - 2 potions of resistance {unknown}
 A - 2 potions of lignification
 C - 3 potions of cancellation
 F - 2 potions of berserk rage
 Q - a potion of mutation
 T - 5 potions of magic
Books
 c - a book of Battle

   Spells                             Type                      Level
   a - Infusion                       Charms                       1
   b - Shroud of Golubria             Charms/Translocation         2
   c - Song of Slaying                Charms                       2
   d - Spectral Weapon                Hexes/Charms                 3
   e - Regeneration                   Charms/Necromancy            3
 e - a book of Death

   Spells                             Type                      Level
   a - Corpse Rot                     Necromancy                   2
   b - Sublimation of Blood           Necromancy                   2
   c - Agony                          Necromancy                   5
   d - Dispel Undead                  Necromancy                   5
   e - Excruciating Wounds            Charms/Necromancy            5
   f - Bolt of Draining               Conjuration/Necromancy       5
 H - a Young Poisoner's Handbook

   Spells                             Type                      Level
   a - Sting                          Conjuration/Poison           1
   b - Cure Poison                    Poison                       2
   c - Mephitic Cloud                 Conjuration/Poison/Air       3
   d - Olgreb's Toxic Radiance        Poison                       4
   e - Venom Bolt                     Conjuration/Poison           5
 I - a book of Clouds

   Spells                             Type                      Level
   a - Mephitic Cloud                 Conjuration/Poison/Air       3
   b - Conjure Flame                  Conjuration/Fire             3
   c - Poisonous Cloud                Conjuration/Poison/Air       6
   d - Freezing Cloud                 Conjuration/Ice/Air          6
   e - Ring of Flames                 Charms/Fire                  7


   Skills:
 + Level 8.2 Fighting
 + Level 11.5 Short Blades
 + Level 0.4(6.7) Long Blades
   Level 2.5(3.5) Slings
 + Level 2.9 Bows
 + Level 3.8(4.2) Throwing
 + Level 5.4 Armour
 + Level 12.9 Dodging
 + Level 14.2 Stealth
 + Level 5.7 Spellcasting
 + Level 0.7 Conjurations
 + Level 3.2 Hexes
 + Level 6.9 Charms
 + Level 1.2 Necromancy
 + Level 2.7 Translocations
 + Level 1.5 Poison Magic
 + Level 0.5 Invocations
 + Level 2.2 Evocations


You had 8 spell levels left.
You knew the following spells:

 Your Spells              Type           Power        Failure   Level  Hunger
a - Infusion              Chrm           ###...       4%          1    None
b - Shroud of Golubria    Chrm/Tloc      ###.......   12%         2    #......
c - Spectral Weapon       Hex/Chrm       ###.....     21%         3    ###....
d - Sting                 Conj/Pois      #...         28%         1    None
e - Regeneration          Chrm/Necr      ###.......   24%         3    ###....
f - Cure Poison           Pois           #.........   32%         2    #......
g - Mephitic Cloud        Conj/Pois/Air  #.......     61%         3    ###....


Dungeon Overview and Level Annotations

Branches:
Dungeon (8/15)             Temple (1/1) D:4            Lair (8/8) D:8
 Shoals (1/5) Lair:5        Snake (1/5) Lair:3        Slime (1/6) Lair:7

Altars:
Ashenzari
Cheibriados
Dithmenos
Elyvilon
Fedhas
Gozag
Kikubaaqudgha
Makhleb
Nemelex Xobeh
Okawaru
Qazlal
Ru
Sif Muna
Trog
Vehumet
Xom
Yredelemnul
Zin
The Shining One

Shops:
D:5 (   D:7 *   D:8 }

Annotations:
Lair:5 Rupert


Innate Abilities, Weirdness & Mutations

You can bottle blood from corpses.
((You have razor-sharp teeth.))
You have supernaturally acute eyesight.
((You can survive without breathing.))


Message History

Your +0 helmet melds into your body.
Your +2 pair of boots melds into your body.
Your +2 leather armour of poison resistance melds into your body.
Your +6 ring of intelligence melds into your body.
Your ring of sustain abilities melds into your body.
You feel your glee subside.
You no longer feel resistant to poison.
You feel stupid.
You feel sick. The orange demon stings you from afar.
The hell beast bites you!!
* * * LOW HITPOINT WARNING * * *
The hell beast completely misses you.
You feel sick.
You feel sick.
The hell beast rumbles, "Decamp, thou unctious dismal-dreaming buzzard-bait!"
Your skin is crawling a little less now.
You feel sick. The hell beast bites you!!
* * * LOW HITPOINT WARNING * * *
The hell beast tramples you!
You die...

.8.84..# ♣♣.♣♣♣♣..♣♣ ♣. ..8.8..#
♣..♣♣..♣♣ ♣♣ .......#♣ ♣♣..♣..♣
♣. #######'♣♣♣♣♣ ♣♣♣..♣♣ ♣♣.
♣♣♣.♣♣.♣♣ ♣♣..♣♣ ♣.. ♣♣♣....44.♣♣
♣♣..♣♣ ♣..
♣♣♣....♣♣♣...♣♣♣..♣♣♣♣♣♣♣ ♣♣♣
♣♣...♣♣♣♣ ♣♣♣♣.2♣.♣♣♣♣...♣♣♣ ♣♣.
♣...♣♣ ♣♣♣b..♣.......♣♣♣♣.. ..♣♣♣
♣♣....♣♣♣♣♣♣.÷♣♣♣. ..♣ ♣♣..♣♣
♣♣♣.... ..♣ ♣.♣♣ ♣♣♣♣. ..♣ ♣.♣♣
♣♣ ♣♣♣ ♣♣♣♣♣♣ ♣♣.♣♣ ♣♣.
♣♣♣♣♣♣....♣ ♣♣♣♣♣♣♣..♣♣♣ ♣..
♣♣..♣♣....♣♣♣.♣♣.......♣♣♣♣♣♣♣♣..
.........................♣♣.♣....


You could see a hell beast, an orange demon and a red devil.

Vanquished Creatures
  Gastronok (Lair:1)
  A dire elephant (Lair:8)
  8 hydras
  2 catoblepae
  3 death yaks
  A naga sharpshooter (Snake:1)
  A wizard (Lair:8)
  2 griffons (Lair:5)
  A mana viper (Snake:1)
  2 manticores
  An elephant (Lair:8)
  3 black mambas
  10 spiny frogs
  A torpor snail (Lair:6)
  Psyche (D:8)
  9 komodo dragons
  A blue devil (Lair:8)
  A hellwing (Lair:8)
  2 fire drakes
  A queen bee (Lair:5)
  3 polar bears
  21 blink frogs
  Prince Ribbit (D:5)
  A basilisk (Lair:2)
  2 slime creatures (D:8)
  21 yaks
  12 hippogriffs
  A spriggan (Lair:7)
  Eustachio (D:8)
  Grum (D:8)
  A vampire mosquito (D:8)
  A steam dragon (D:7)
  12 wolves
  A hungry ghost (D:7)
  Edmund (D:7)
  7 porcupines
  A soldier ant (D:8)
  20 water moccasins
  3 nagas
  A hell hound (Lair:8)
  4 black bears
  2 ice beasts
  4 ogres
  4 sky beasts
  4 boring beetles
  2 centaurs
  A wasp (D:8)
  14 crocodiles
  Sigmund (D:5)
  Duvessa (D:4)
  12 giant frogs
  A vampire mosquito zombie (D:8)
  8 scorpions
  27 killer bees
  A quasit (D:8)
  A goliath beetle (D:8)
  A centaur zombie (D:5)
  Dowan (D:4)
  3 crimson imps (D:5)
  2 orc priests (D:6)
  A giant frog skeleton (D:6)
  Crazy Yiuf (D:7)
  2 centaur skeletons (D:6)
  A jelly (D:5)
  8 worker ants
  9 hounds
  5 iguanas
  8 orc wizards
  27 sheep
  Ijyb (D:2)
  A hound skeleton (D:5)
  8 mummies (Ossuary)
  Robin (D:4)
  25 adders
  A gnoll (D:1)
  17 river rats
  4 shadow imps
  3 worms
  13 giant mites
  4 giant geckos
  An ooze (D:2)
  18 orcs
  2 bat skeletons (D:4)
  A bat zombie (D:7)
  2 giant cockroaches
  15 hobgoblins
  16 jackals
  15 kobolds
  11 quokkas
  7 ball pythons
  12 bats
  2 giant cockroach zombies
  8 giant newts
  2 giant spores
  17 goblins
  2 kobold zombies (Ossuary)
  6 orc zombies (Ossuary)
  15 rats
  2 ballistomycetes (D:6)
  3 fungi (D:7)
555 creatures vanquished.

Vanquished Creatures (others)
  3 spectral weapons
  2 giant spores (D:8)
  A fungus (D:7)
6 creatures vanquished.

Grand Total: 561 creatures vanquished

Notes
Turn   | Place    | Note
--------------------------------------------------------------
     0 | D:1      | maniek23, the Vampire Skald, began the quest for the Orb.
     0 | D:1      | Reached XP level 1. HP: 16/16 MP: 3/3
    76 | D:1      | Reached XP level 2. HP: 17/22 MP: 4/4
   288 | D:1      | Reached XP level 3. HP: 11/27 MP: 6/6
   348 | D:1      | Reached skill level 4 in Charms
   827 | D:1      | Reached skill level 1 in Armour
  1020 | D:2      | Noticed Ijyb
  1039 | D:2      | Reached XP level 4. HP: 33/33 MP: 8/8
  1058 | D:2      | Killed Ijyb
  1472 | D:3      | Learned a level 2 spell: Shroud of Golubria
  1574 | D:3      | Found a snail-covered altar of Cheibriados.
  1685 | D:3      | Found a glowing golden altar of the Shining One.
  1738 | D:3      | You fall through a shaft!
  1772 | D:4      | Reached XP level 5. HP: 36/39 MP: 7/9
  1857 | D:4      | Noticed Dowan
  1858 | D:4      | Noticed Duvessa
  2497 | D:4      | Found a staircase to the Ecumenical Temple.
  2528 | D:4      | Killed Dowan
  2538 | D:4      | Noticed an ogre
  2593 | D:5      | Entered Level 5 of the Dungeon
  2633 | D:5      | Noticed Sigmund
  2635 | D:5      | Noticed Prince Ribbit
  2635 | D:5      | Noticed a sky beast
  2878 | D:4      | Killed Duvessa
  2878 | D:4      | Reached XP level 6. HP: 40/46 MP: 3/11
  2886 | Temple   | Entered the Ecumenical Temple
  3076 | Temple   | Became a worshipper of Dithmenos the Shadowed
  3136 | D:4      | Noticed Robin
  3185 | D:4      | Killed Robin
  3272 | D:4      | Reached skill level 1 in Stealth
  3496 | D:4      | Killed an ogre
  3702 | D:5      | Noticed a sky beast
  3725 | D:5      | Killed a sky beast
  3725 | D:5      | Reached XP level 7. HP: 42/52 MP: 10/12
  3892 | D:5      | Reached skill level 1 in Throwing
  3896 | D:5      | Reached skill level 5 in Dodging
  3955 | D:5      | Noticed an ice beast
  4073 | D:5      | Killed an ice beast
  4101 | D:5      | Reached XP level 8. HP: 55/60 MP: 14/14
  4140 | D:5      | Killed Sigmund
  4190 | D:5      | Killed Prince Ribbit
  4190 | D:5      | Reached skill level 1 in Slings
  4190 | D:5      | Reached skill level 1 in Translocations
  4495 | D:5      | Killed a sky beast
  4495 | D:5      | Reached skill level 6 in Dodging
  4534 | D:5      | Found Luijig's Weapon Boutique.
  4796 | D:6      | Reached skill level 5 in Short Blades
  4851 | D:6      | Acquired Dithmenos' first power
  5059 | D:6      | Found a sand-covered staircase.
  5063 | Ossuary  | Entered an ossuary
  5366 | D:6      | Reached XP level 9. HP: 60/65 MP: 14/17
  5410 | D:6      | Gained mutation: You are resistant to hostile enchantments. [potion of beneficial mutation]
  5411 | D:6      | Gained mutation: You are agile. (Dex +2) [potion of beneficial mutation]
  5677 | D:6      | Acquired Dithmenos' second power
  5895 | D:6      | Reached skill level 7 in Dodging
  6172 | D:7      | Found an opulent altar of Gozag.
  6172 | D:7      | Found Pomiryil's General Store.
  6301 | D:7      | Found a shimmering altar of Xom.
  6308 | D:7      | Reached skill level 5 in Stealth
  6436 | D:7      | Learned a level 3 spell: Spectral Weapon
  6558 | D:7      | Found a staircase to the Ecumenical Temple.
  6564 | D:7      | Noticed Edmund
  6963 | D:7      | Killed Edmund
  7043 | D:7      | Found a deep blue altar of Sif Muna.
  7052 | D:7      | Found an ancient bone altar of Kikubaaqudgha.
  7136 | D:7      | Reached skill level 8 in Dodging
  7201 | D:7      | Reached skill level 5 in Charms
  7559 | D:7      | Noticed Crazy Yiuf
  7564 | D:7      | Killed Crazy Yiuf
  7879 | D:8      | Noticed Eustachio
  7893 | D:8      | Killed Eustachio
  7893 | D:8      | Reached skill level 5 in Fighting
  7893 | D:8      | Reached XP level 10. HP: 71/74 MP: 17/19
  8077 | D:8      | Found a blossoming altar of Fedhas.
  8079 | D:8      | Found an ancient bone altar of Kikubaaqudgha.
  8080 | D:8      | Noticed a manticore
  8085 | D:8      | Learned a level 1 spell: Sting
  8089 | D:8      | Learned a level 3 spell: Regeneration
  8149 | D:8      | Acquired Dithmenos' third power
  8167 | D:8      | Found Vyawk's Gadget Emporium.
  8167 | D:8      | Noticed Psyche
  8178 | D:8      | Killed Psyche
  8296 | D:8      | Noticed Grum
  8310 | D:8      | Killed Grum
  8347 | D:8      | Reached skill level 9 in Dodging
  8411 | D:8      | Killed a manticore
  8645 | D:8      | Noticed a six-headed hydra
  9548 | D:8      | Killed a six-headed hydra
  9548 | D:8      | Reached skill level 1 in Bows
  9548 | D:8      | Reached skill level 1 in Hexes
  9781 | D:8      | Found a staircase to the Lair.
  9798 | Lair:1   | Entered Level 1 of the Lair of Beasts
  9982 | Lair:1   | Learned a level 2 spell: Cure Poison
 10692 | Lair:1   | Noticed Gastronok
 10717 | Lair:1   | Found a snail-covered altar of Cheibriados.
 11406 | Lair:1   | Killed Gastronok
 11406 | Lair:1   | Reached XP level 11. HP: 67/81 MP: 11/21
 12243 | Lair:1   | Reached skill level 10 in Dodging
 13807 | Lair:2   | Gained mutation: Your muscles are strong. (Str +2) [potion of mutation]
 13807 | Lair:2   | Gained mutation: You are frail (-10% HP). [potion of mutation]
 13807 | Lair:2   | Gained mutation: You are somewhat resistant to further mutation. [potion of mutation]
 13808 | Lair:2   | Gained mutation: Potions and wands are less effective at restoring your health. [potion of mutation]
 13809 | Lair:2   | Lost mutation: You are agile. (Dex +2) [potion of cure mutation]
 13809 | Lair:2   | Lost mutation: Potions and wands are less effective at restoring your health. [potion of cure mutation]
 13809 | Lair:2   | Lost mutation: Your muscles are strong. (Str +2) [potion of cure mutation]
 13809 | Lair:2   | Lost mutation: You are somewhat resistant to further mutation. [potion of cure mutation]
 13809 | Lair:2   | Lost mutation: You are resistant to hostile enchantments. [potion of cure mutation]
 13810 | Lair:2   | Lost mutation: You are frail (-10% HP). [potion of cure mutation]
 14511 | Lair:3   | Found a staircase to the Snake Pit.
 14555 | Lair:3   | Acquired Dithmenos' fourth power
 15113 | Snake:1  | Entered Level 1 of the Snake Pit
 15113 | Snake:1  | Noticed a naga sharpshooter
 15114 | Snake:1  | Killed a naga sharpshooter
 15134 | Snake:1  | Noticed a naga sharpshooter
 15140 | Snake:1  | Reached XP level 12. HP: 78/89 MP: 18/23
 15501 | Snake:1  | HP: 2/89 [naga sharpshooter/arrow (4)]
 16094 | Lair:3   | Upgraded the game from 0.16.0-11-gd45b091 to 0.16.0-12-g7215832
 16427 | Lair:4   | Reached skill level 10 in Stealth
 16467 | Lair:4   | Reached skill level 10 in Short Blades
 16822 | Lair:4   | Reached skill level 11 in Dodging
 17013 | Lair:4   | Got a bloodstained dagger
 17014 | Lair:4   | Identified the cursed +2 dagger "Puk Ahit" {pierce, -Cast MP+9 Str+2 SInv} (You found it on level 4 of the Lair of Beasts)
 17277 | Lair:4   | Noticed a four-headed hydra
 17291 | Lair:4   | Killed a four-headed hydra
 17526 | Lair:5   | Noticed Rupert
 17537 | Lair:5   | Paralysed by Rupert for 7 turns
 17576 | Lair:5   | Paralysed by Rupert for 3 turns
 17704 | Lair:5   | Found a staircase to the Shoals.
 18271 | Lair:5   | Reached skill level 5 in Armour
 18398 | Lair:5   | Noticed a catoblepas
 18410 | Lair:5   | Killed a catoblepas
 18410 | Lair:5   | Reached skill level 1 in Poison Magic
 18706 | Lair:5   | Reached skill level 5 in Spellcasting
 18945 | Lair:5   | You fall through a shaft for 3 floors!
 18945 | Lair:8   | Entered Level 8 of the Lair of Beasts
 18946 | Lair:8   | Reached skill level 1 in Evocations
 18976 | Lair:8   | Reached skill level 1 in Necromancy
 18976 | Lair:8   | Reached XP level 13. HP: 94/97 MP: 22/25
 18988 | Lair:8   | Learned a level 3 spell: Mephitic Cloud
 19211 | Lair:7   | Reached skill level 12 in Stealth
 19619 | Lair:7   | Found a staircase to the Slime Pits.
 20168 | Lair:6   | Noticed an eight-headed hydra
 20179 | Lair:6   | Killed an eight-headed hydra
 20261 | Lair:6   | Noticed a four-headed hydra
 20271 | Lair:6   | Killed a four-headed hydra
 20359 | Lair:6   | Paralysed by Rupert for 4 turns
 20561 | Lair:6   | Noticed a catoblepas
 20573 | Lair:6   | Killed a catoblepas
 20573 | Lair:6   | Reached skill level 13 in Stealth
 20722 | Lair:6   | Paralysed by Rupert for 4 turns
 20731 | Lair:6   | Paralysed by Rupert for 2 turns
 20734 | Lair:6   | Paralysed by Rupert for 7 turns
 21053 | Lair:5   | Noticed a six-headed hydra
 21063 | Lair:5   | Killed a six-headed hydra
 21353 | Shoals:1 | Entered Level 1 of the Shoals
 21392 | Lair:6   | Paralysed by Rupert for 2 turns
 21397 | Lair:6   | Paralysed by Rupert for 7 turns
 22146 | Slime:1  | Entered Level 1 of the Pits of Slime
 22146 | Slime:1  | Noticed an acid blob
 22927 | Lair:8   | Noticed a six-headed hydra
 22934 | Lair:8   | Killed a six-headed hydra
 23022 | Lair:8   | Noticed a dire elephant
 23033 | Lair:8   | Killed a dire elephant
 23063 | Lair:8   | Noticed a five-headed hydra
 23071 | Lair:8   | Noticed a six-headed hydra
 23262 | Lair:8   | Killed a six-headed hydra
 23458 | Lair:8   | Killed a five-headed hydra
 23458 | Lair:8   | Reached skill level 14 in Stealth
 23753 | Lair:8   | Found a burning altar of Makhleb.
 23766 | Lair:8   | Noticed a hell beast
 23834 | Lair:8   | Mangled by a hell beast

Action                   |  1- 3 |  4- 6 |  7- 9 | 10-12 | 13-15 || total
-------------------------+-------+-------+-------+-------+-------++-------
Melee: Short sword       |   129 |   215 |   489 |  1042 |   393 ||  2268
       Rapier            |       |    64 |       |       |       ||    64
       Falchion          |       |       |       |       |    39 ||    39
 Fire: Hunting sling     |       |       |    26 |       |       ||    26
       Shortbow          |       |       |       |    67 |       ||    67
Throw: Javelin           |       |    11 |    29 |    36 |       ||    76
 Cast: Shroud of Golubri |       |     2 |     8 |    25 |    14 ||    49
       Spectral Weapon   |       |       |     1 |    12 |     7 ||    20
       Sting             |       |       |       |    19 |     4 ||    23
       Regeneration      |       |       |       |     7 |     4 ||    11
       Cure Poison       |       |       |       |     2 |       ||     2
       Mephitic Cloud    |       |       |       |       |     3 ||     3
       Infusion          |       |       |       |       |     1 ||     1
Invok: Shadow Step       |       |       |       |     1 |       ||     1
 Abil: Bat Form          |       |     3 |     3 |    17 |    10 ||    33
       End Transformatio |       |     3 |     3 |    17 |     9 ||    32
       Evoke Invisibilit |       |       |       |     7 |    11 ||    18
Evoke: Wand              |       |       |       |     6 |       ||     6
  Use: Scroll            |       |    13 |     8 |    18 |     2 ||    41
       Potion            |       |     4 |    13 |    28 |     4 ||    49
 Stab: Sleeping          |       |       |    18 |    41 |    32 ||    91
       Distracted        |       |       |     1 |     7 |     2 ||    10
       Invisible         |       |       |       |     4 |     2 ||     6
       Fleeing           |       |       |       |       |     1 ||     1
  Eat: Corpse            |       |     1 |       |    10 |     8 ||    19
